 Dungeon Crawl Stone Soup version 0.26-a0-613-g4f23886233 (webtiles) character file.

Game seed: 12724365204844855075

29 Peloso the Skirmisher (level 3, 29/29 HPs)
             Began as a Demonspawn Fighter on Sept 11, 2020.
             Got out of the dungeon alive.
             The game lasted 00:01:22 (689 turns).

Peloso the Skirmisher (Demonspawn Fighter)           Turns: 689, Time: 00:01:23

Health: 29/29      AC:  6    Str: 17    XL:     3   Next: 1%
Magic:  3/3        EV:  7    Int:  9    God:
Gold:   27         SH:  8    Dex: 12    Spells: 2/2 levels left

rFire    . . .     SeeInvis .   a - +1 long sword
rCold    . . .     Faith    .   c - +0 kite shield
rNeg     . . .     Spirit   .   b - +0 scale mail
rPois    .         Reflect  .   (helmet restricted)
rElec    .         Harm     .   (no cloak)
rCorr    .                      (no gloves)
MR       .....                  (no boots)
Stlth    ..........             (no amulet)
HPRegen  0.09/turn              (no ring)
MPRegen  0.08/turn              (no ring)

@: no status effects
A: antennae 1, demonic guardian 1
a: no special abilities


You escaped.
You visited 1 branch of the dungeon, and saw 1 of its levels.

You collected 27 gold pieces.

Inventory:

Hand Weapons
 a - a +1 long sword (weapon)
Armour
 b - a +0 scale mail (worn)
 c - a +0 kite shield (worn)
Scrolls
 e - a scroll of blinking {unknown}
 f - a scroll of immolation {unknown}
 h - a scroll of enchant weapon
 i - a scroll of noise {unknown}
Potions
 d - a potion of might
 g - a potion of flight


   Skills:
 + Level 3.3 Fighting
 + Level 2.0 Long Blades
 + Level 3.1 Armour
 + Level 0.2 Dodging
 + Level 2.9 Shields


You had 2 spell levels left.
You didn't know any spells.
Your spell library was empty.

Dungeon Overview and Level Annotations

Branches:
Dungeon (1/15)

Altars:


Innate Abilities, Weirdness & Mutations

You have a pair of small antennae on your head.
A weak demonic guardian rushes to your aid.


Message History

A hobgoblin is nearby!
You block the hobgoblin's attack.
You barely miss the hobgoblin. The hobgoblin barely misses you.
You hit the hobgoblin.
You kill the hobgoblin!
You have reached level 3!
Your experience leads to an increase in your attributes!
Increase (S)trength, (I)ntelligence, or (D)exterity?
You feel stronger.
Your demonic ancestry asserts itself...
A pair of antennae grows on your head!
(D) Dungeon
Where to? (? - help)
What level of the Dungeon? (default 1, ? - help)
There is an open door here.
You see here a dart slug corpse.
Items here: ) ††††.
There is an open door here.
There is a staircase leading out of the dungeon here.
Are you sure you want to leave the Dungeon?
This will make you lose the game!
You have escaped!

#.........## #.##.#.#.#
#.....(...#.###+# #.##.# ...
#.........#.....# #.##.###.#
####'######.#.#.###
#.##...... #..# #.........#
#.#####...
##.###.#.#.#.#.###.....#..#
#.......#.#.......###.#).#
#.#.#.###.###.#.#.# #.#..#
#.#......@......#.###.#..#
#.#.#.###.###.#.#...#.#..#
#.......#.#.........#.####
###.###.#.#.#.#.###.###.####
#...# #.........#...........
##...#####.#.#.###...###.....
#........#.....#.....########
#........#.###.#.##..#..†).(.
#........#.......##..#.######


There were no monsters in sight!

Vanquished Creatures
  A dart slug (D:1)
  A leopard gecko (D:1)
  A goblin (D:1)
  6 hobgoblins (D:1)
  5 jackals (D:1)
  3 bats (D:1)
  A frilled lizard (D:1)
  4 kobolds (D:1)
22 creatures vanquished.

Notes
Turn   | Place    | Note
-------+----------+-------------------------------------------
     0 | D:1      | Peloso the Demonspawn Fighter began the quest for the Orb.
     0 | D:1      | Reached XP level 1. HP: 18/18 MP: 1/1
   121 | D:1      | Gained mutation: A weak demonic guardian rushes to your
                  | aid. [demonic ancestry]
   121 | D:1      | Reached XP level 2. HP: 19/24 MP: 2/2
   638 | D:1      | Gained mutation: You have a pair of small antennae on your
                  | head. [demonic ancestry]
   638 | D:1      | Reached XP level 3. HP: 29/29 MP: 3/3
   689 | D:$      | Got out of the dungeon alive.

Illustrated notes

Levels and vault maps discovered:
D:1:      roderic_chinese_lattice_arrival, layout_basic

Skill      XL: |  1  2 |
---------------+-------+-----
Armour         | 3 |  3.1
Long Blades    | 2 |  2.0
Fighting       | |  3.3
Dodging        | |  0.2
Shields        | |  2.9

Action                   || total
-------------------------++-------
Melee: Long sword        ||    67
  Use: Scroll            ||     3
Armor: Scale mail        ||    31
Dodge: Dodged            ||    21
Block: Kite shield       ||    31
       Rpst.: Long sword ||     5

Table legend: (Time is in decaauts)
 A = Elapsed time spent in this place.
 B = Non-inter-level travel time spent in this place.
 C = Inter-level travel time spent in this place.
 D = Time resting spent in this place.
 E = Time spent auto-exploring this place.
 F = Levels seen in this place.
 G = Mean time per level.
                   A        B        C        D        E       F      G
               +--------+--------+--------+--------+--------+-----+--------+
         Total |    714 |    665 |     49 |      0 |    480 |   1 |  714.0 |
       Dungeon |    714 |    665 |     49 |      0 |    480 |   1 |  714.0 |
               +--------+--------+--------+--------+--------+-----+--------+

Top non-repeatable levels by time:
     D:1: 714 daAuts
